 Dungeon Crawl Stone Soup version 0.22-a0-833-g8522bf8 (webtiles) character file.

40 jjfam the Skirmisher (level 3, -1/33 HPs)
             Began as a Hill Orc Fighter on July 25, 2018.
             Slain by an adder (3 damage)
             ... on level 2 of the Dungeon.
             The game lasted 00:02:35 (1051 turns).

jjfam the Skirmisher (Hill Orc Fighter)             Turns: 1051, Time: 00:02:36

Health: -1/33      AC: 11    Str: 19    XL:     3   Next: 50%
Magic:  3/3        EV:  3    Int:  8    God:
Gold:   111        SH:  9    Dex: 10    Spells: 2/2 levels left

rFire    . . .     SeeInvis .   a - +0 war axe
rCold    . . .     Gourm    .   c - +0 shield
rNeg     . . .     Faith    .   i - +0 plate armour
rPois    .         Spirit   .   (no helmet)
rElec    .         Reflect  .   (no cloak)
rCorr    .         Harm     .   (no gloves)
MR       .....                  (no boots)
Stlth    ..........             (no amulet)
HPRegen  0.11/turn              (no ring)
MPRegen  0.08/turn              (no ring)

@: lethally poisoned (-1 -> -4)
A: no striking features
a: no special abilities


You were on level 2 of the Dungeon.
You were not hungry.

You visited 1 branch of the dungeon, and saw 2 of its levels.

You collected 111 gold pieces.

Inventory:

Hand Weapons
 a - a +0 war axe (weapon)
Armour
 c - a +0 shield (worn)
 i - a +0 plate armour (worn)
Scrolls
 e - a scroll of teleportation {unknown}
 h - a scroll of noise {unknown}
Potions
 d - 3 potions of might
Comestibles
 f - a ration
 g - 2 chunks of flesh


   Skills:
 + Level 4.0 Fighting
 + Level 3.4 Axes
 + Level 3.7 Armour
 + Level 0.2 Dodging
 + Level 3.7 Shields


You had 2 spell levels left.
You didn't know any spells.
Your spell library was empty.

Dungeon Overview and Level Annotations

Branches:
Dungeon (2/15)

Altars:


Message History

* * * LOW HITPOINT WARNING * * *
You are more poisoned.
The adder poisons you! You block the adder's attack.
You closely miss the adder.
You feel sick. The adder bites you.
* * * LOW HITPOINT WARNING * * *
The adder bites you.
* * * LOW HITPOINT WARNING * * *
You miss the adder.
* * * LOW HITPOINT WARNING * * *
You feel sick. You block the adder's attack.
Your shield and plate armour prevent you from hitting the adder.
* * * LOW HITPOINT WARNING * * *
You feel sick. The adder bites you but does no damage.
You block the adder's attack.
You miss the adder. The adder bites you but does no damage.
You block the adder's attack.
You miss the adder.
* * * LOW HITPOINT WARNING * * *
You feel sick. The adder bites you.
You die...

#.#. ... .. .# #
#.#.###.##.##.#..
##...........!..##
....$.............
.....!............
#.....#.#..#.....
#..........#.......
#...#.#.#S........
#...#$#.#@.#..... #.
...>..........#.#...
..................
...........##...#
..##.......##.### #
..#...........# ..#
.?...........###....#
..#........[.........#
...........######....#


You could see an adder.

Vanquished Creatures
  An adder (D:2)
  A worm (D:2)
  2 leopard geckos (D:1)
  A bat (D:1)
  3 goblins (D:1)
  4 hobgoblins
  4 jackals (D:1)
  2 ball pythons
  A frilled lizard (D:1)
  2 kobolds (D:1)
  4 rats (D:1)
25 creatures vanquished.

Notes
Turn   | Place    | Note
-------+----------+-------------------------------------------
     0 | D:1      | jjfam the Hill Orc Fighter began the quest for the Orb.
     0 | D:1      | Reached XP level 1. HP: 19/19 MP: 1/1
   307 | D:1      | Reached XP level 2. HP: 21/27 MP: 2/2
   558 | D:1      | Reached XP level 3. HP: 33/33 MP: 3/3
   983 | D:2      | Reached skill level 4 in Fighting
  1051 | D:2      | Slain by an adder

Vault maps used:
D:1:      dpeg_arrival_arbitrary_c, kennysheep_crisscross, grunt_decor_fettered
D:2:      tso_altar

Skill      XL: |  1  2  3 |
---------------+----------+-----
Axes           | 3 |  3.4
Fighting       | 4 |  4.0
Armour         | |  3.7
Dodging        | |  0.2
Shields        | |  3.7

Action                   || total
-------------------------++-------
Melee: War axe           ||   109
  Eat: Chunk             ||     1
Armor: Scale mail        ||    33
       Plate armour      ||    29
Dodge: Dodged            ||    23
Block: Shield            ||    61

Table legend:
 A = Spawn XP
 B = Non-spawn XP
 C = Spawn XP percentage of total XP
 D = Spawn monster count
 E = Non-spawn monster count
 F = Spawn count percentage of total count
 G = Total turns spent on level
                    A         B        C        D         E        F      G
               +---------+---------+-------+---------+---------+-------+---------
         Total |       0 |      58 |   0.0 |       0 |      25 |   0.0 |  1051
               +---------+---------+-------+---------+---------+-------+---------
           D:1 |       0 |      36 |   0.0 |       0 |      21 |   0.0 |   915
           D:2 |       0 |      22 |   0.0 |       0 |       4 |   0.0 |   136
               +---------+---------+-------+---------+---------+-------+---------
